 Dungeon Crawl Stone Soup version 0.30-a0-802-gb92711bcdf (webtiles) character file.

Game seed: 13375457627157044957

98 Newt the Trooper (level 4, -11/37 HPs)
             Began as a Demonspawn Gladiator on Feb 23, 2023.
             Killed from afar by Ijyb (18 damage)
             ... with a bolt of light
             ... on level 3 of the Dungeon.
             The game lasted 00:02:15 (2104 turns).

Newt the Trooper (Demonspawn Gladiator)             Turns: 2104, Time: 00:02:16

Health: -11/37     AC:  5    Str: 23    XL:     4   Next: 43%
Magic:  4/4        EV: 17    Int:  9    God:
Gold:   168        SH:  0    Dex: 14    Spells: 3/3 levels left

rFire   . . .      SeeInvis .    a - +0 rapier (freeze)
rCold   . . .      Faith    .    (no shield)
rNeg    . . .      Spirit   .    b - +0 leather armour
rPois   .          Reflect  .    (helmet restricted)
rElec   .          Harm     .    (no cloak)
rCorr   .          Rampage  .    f - +0 pair of gloves
Will    .....                    h - +0 pair of boots
Stlth   +                        (no amulet)
HPRegen 0.26/turn                k - +6 ring of strength
MPRegen 0.09/turn                m - +5 ring of evasion

@: confused
A: antennae 1
a: no special abilities


You were on level 3 of the Dungeon.
You visited 1 branch of the dungeon, and saw 3 of its levels.

You collected 168 gold pieces.

Inventory:

Hand Weapons
 a - a +0 rapier of freezing (weapon)
Armour
 b - a +0 leather armour (worn)
 c - a +0 helmet
 f - a +0 pair of gloves (worn)
 h - a +0 pair of boots (worn)
Jewellery
 k - a +6 ring of strength (left hand)
 m - a +5 ring of evasion (right hand)
Scrolls
 l - a scroll of brand weapon
Potions
 g - a potion of flight
 j - a potion of curing {unknown}


   Skills:
 - Level 4.0 Fighting
 + Level 3.1 Short Blades
 - Level 1.7 Throwing
 - Level 2.6 Dodging
 - Level 1.5 Stealth


You had 3 spell levels left.
You didn't know any spells.
Your spell library contained the following spells:

 Spells                   Type           Power      Damage    Failure   Level
 Blink                    Tloc           0%         N/A       56%         2
 Lesser Beckoning         Tloc           0%         N/A       56%         2
 Momentum Strike          Conj/Tloc      0%         3d8       56%         2


Dungeon Overview and Level Annotations

Branches:
Dungeon (3/15)

Altars:

Annotations:
D:3 1 runed translucent door, Ijyb; Sleet's ghost, amateur FoFi


Innate Abilities, Weirdness & Mutations

You have a pair of small antennae on your head.


Message History

Ijyb is heavily wounded.
You hit Ijyb but do no damage.
Ijyb is heavily wounded.
Ijyb struggles against the net.
You catch the helpless Ijyb completely off-guard!
You puncture Ijyb! You freeze Ijyb.
Ijyb is almost dead.
Ijyb struggles against the net.
You hit Ijyb but do no damage.
Ijyb is almost dead.
Ijyb struggles against the net.
You catch the helpless Ijyb completely off-guard!
You hit Ijyb but do no damage.
Ijyb is almost dead.
Ijyb struggles against the net.
The net rips apart, and Ijyb comes free!
Throw: throwing net
Press: ? - help, Q - select action, (/) - cycle Shift-Dir - straight line, f/p - Ijyb
Aim: Ijyb, wielding a +3 club, wearing a +0 chain mail and carrying a wand of light (8) (almost dead, 60% to hit)
You throw a throwing net. The throwing net barely misses Ijyb.
Ijyb barely misses you.
You hit Ijyb. You freeze Ijyb.
Ijyb is almost dead.
Ijyb misses you.
Throw: javelin
Press: ? - help, Q - select action Shift-Dir - straight line, f/p - Ijyb
Aim: Ijyb, wielding a +3 club, wearing a +0 chain mail and carrying a wand of light (8) (almost dead, 60% to hit)
You throw a javelin. The javelin barely misses Ijyb.
Ijyb hits you with a +3 club.
* * * LOW HITPOINT WARNING * * *
Ijyb hits you with a +3 club.
* * * LOW HITPOINT WARNING * * *
You feel much better.
Ijyb zaps a wand.
The bolt of light hits you!
You are confused.
You're too confused to move!
Ijyb zaps a wand.
The bolt of light hits you!
* * * LOW HITPOINT WARNING * * *
You barely miss Ijyb.
Ijyb is almost dead.
Ijyb zaps a wand.
The bolt of light hits you!!
You die...

#.(...# ###..#..##
........ #...... .## ####
###..... ... .....
#......# ..# .....
###....g.##<..# ......
......†@.....# ..)...
.......#.##..#
#........#..#.###.....#
.........##.....#..##.#
...................##.###
.###......##.#..........#
####.#
#.....#.#..###.#...
..#..###.###.....####.#..
.........(......[# .....


You could see Ijyb.

Vanquished Creatures
  4 adders
  A worm (D:2)
  4 dart slugs
  5 orcs (D:3)
  4 endoplasms
  2 giant cockroaches
  A goblin (D:2)
  3 hobgoblins
  4 jackals (D:2)
  7 kobolds
  3 ball pythons
  2 bats (D:1)
  3 frilled lizards
  4 rats (D:2)
47 creatures vanquished.

Notes
Turn   | Place    | Note
-------+----------+-------------------------------------------
     0 | D:1      | Newt the Demonspawn Gladiator began the quest for the Orb.
     0 | D:1      | Reached XP level 1. HP: 16/16 MP: 1/1
    90 | D:1      | Reached skill level 1 in Stealth
   292 | D:1      | Gained mutation: You have a pair of small antennae on your
                  | head. [demonic ancestry]
   292 | D:1      | Reached XP level 2. HP: 18/22 MP: 2/2
  1018 | D:2      | Reached skill level 3 in Fighting
  1053 | D:2      | Reached XP level 3. HP: 28/29 MP: 3/3
  1075 | D:2      | Found a faded altar of an unknown god.
  1828 | D:2      | Reached XP level 4. HP: 37/37 MP: 4/4
  1965 | D:3      | Reached skill level 4 in Fighting
  1999 | D:3      | Found a runed translucent door.
  2001 | D:3      | Noticed Sleet's ghost (amateur FoFi)
  2079 | D:3      | Noticed Ijyb
  2104 | D:3      | Killed from afar by Ijyb

Illustrated notes

Levels and vault maps discovered:
D:1:      minmay_arrival_open_corners, layout_basic, minmay_tetromino_i2
D:2:      layout_basic, basic_ecumenical_altar
D:3:      layout_rooms, jmf_multi_god_temple, ebering_ghost_inner_flame,
          minmay_misc_feat_pillars, uniq_ijyb, uniq_grinder

Skill      XL: |  1  2  3  4 |
---------------+-------------+-----
Stealth        | 1 |  1.5
Fighting       | 3 4 |  4.0
Short Blades   | 3 |  3.1
Throwing       | |  1.7
Dodging        | |  2.6

Action                     |  1- 3 |  4- 6 || total
---------------------------+-------+-------++-------
  Melee: Rapier            |   136 |    43 ||   179
         Punch             |     2 |       ||     2
  Throw: Throwing net      |     3 |     3 ||     6
         Javelin           |       |     1 ||     1
    Use: Scroll            |     8 |       ||     8
         Potion            |       |     1 ||     1
   Stab: Sleeping          |     3 |       ||     3
         Held in net/web   |       |     3 ||     3
 Armour: Leather armour    |    69 |     5 ||    74
  Dodge: Dodged            |   122 |    35 ||   157

Table legend: (Time is in decaauts)
 A = Elapsed time spent in this place.
 B = Non-inter-level travel time spent in this place.
 C = Inter-level travel time spent in this place.
 D = Time resting spent in this place.
 E = Time spent auto-exploring this place.
 F = Levels seen in this place.
 G = Mean time per level.
                   A        B        C        D        E       F      G
               +--------+--------+--------+--------+--------+-----+--------+
         Total |   2114 |   1968 |    146 |    410 |   1185 |   3 |  704.7 |
       Dungeon |   2114 |   1968 |    146 |    410 |   1185 |   3 |  704.7 |
               +--------+--------+--------+--------+--------+-----+--------+

Top non-repeatable levels by time:
     D:2: 1057 daAuts
     D:1: 892 daAuts
     D:3: 164 daAuts
